Map: Deathaura LE

Players

ShaDoWn

  • Race: Protoss Protoss
  • Spawn Location: 11:00

ByuN - Winner!

  • Race: Terran Terran
  • Spawn Location: 5:00

Event: Cheeseadelphia Winter Championship 2021

VOD

Have the link to the VOD?

Description

Time

  • Played on: Jan. 24, 2021, 11:41 a.m.
  • Length: 10:00

All games in this series

Show
View Real Time Build Order
Export as new Build Order

ShaDoWn Protoss 

Build Orders: 1 Gate Expand, Zealot Archon, Archon Drop, Dark Templar Rush 

Get SALT Encoding   

  12  0:00  Probe  
  13  0:12  Probe  
  14  0:17  Pylon  
  14  0:24  Probe (Chrono Boost)  
  15  0:36  Gateway  
  15  0:37  Probe (Chrono Boost)  
  16  0:45  Probe (Chrono Boost)  
  16  0:46  Assimilator  
  17  0:51  Probe  
  18  1:03  Probe  
  19  1:15  Probe  
  20  1:23  Cybernetics Core  
  20  1:31  Nexus  
  20  1:37  Pylon  
  20  1:41  Probe  
  20  1:45  Assimilator  
  21  1:53  Probe  
  22  1:57  Adept (Chrono Boost)  
  22  2:00  Warp Gate  
  24  2:05  Probe  
  25  2:17  Probe  
  25  2:20  Twilight Council  
  26  2:25  Stalker  
  26  2:29  Probe (Chrono Boost)  
  29  2:41  Probe (Chrono Boost)  
  31  2:45  Probe (Chrono Boost), Robotics Facility  
  31  2:50  Probe (Chrono Boost)  
  33  2:52  Probe (Chrono Boost)  
  33  2:56  Probe (Chrono Boost)  
  33  2:57  Probe (Chrono Boost)  
  35  3:07  Probe  
  35  3:09  Probe  
  35  3:10  Dark Shrine  
  37  3:19  Gateway, Probe  
  38  3:21  Probe  
  38  3:24  Gateway  
  39  3:30  Warp Prism (Chrono Boost)  
  41  3:35  Probe  
  41  3:38  Probe  
  43  3:41  Pylon  
  43  3:46  Assimilator  
  43  3:47  Probe  
  44  3:50  Probe  
  44  3:51  Pylon  
  45  3:59  Probe  
  45  4:02  Probe  
  47  4:11  Probe  
  47  4:13  Stalker  
  47  4:14  Probe  
  47  4:15  Stalker  
  52  4:20  Stalker  
  52  4:24  Probe  
  52  4:26  Probe  
  48  4:36  Probe  
  46  4:38  Probe  
  46  4:39  Dark Templar x2  
  48  4:48  Probe  
  48  4:50  Probe  
  46  5:00  Probe  
  46  5:02  Probe  
  46  5:05  Nexus  
  48  5:07  Pylon  
  48  5:12  Probe, Dark Templar x2  
  53  5:14  Probe  
  53  5:16  Archon, Assimilator  
  54  5:21  Gateway  
  54  5:22  Gateway  
  54  5:27  Dark Templar  
  56  5:30  Probe  
  56  5:32  Probe  
  58  5:38  Charge (Chrono Boost)  
  58  5:42  Probe  
  57  5:51  Probe (Chrono Boost)  
  57  5:54  Dark Templar  
  57  5:55  Probe (Chrono Boost)  
  57  5:56  Warp Prism (Chrono Boost)  
  61  6:02  Archon  
  61  6:03  Probe (Chrono Boost)  
  65  6:05  Probe (Chrono Boost)  
  65  6:06  Forge  
  65  6:08  Probe (Chrono Boost)  
  65  6:10  Probe (Chrono Boost)  
  66  6:12  Stalker  
  66  6:16  Pylon  
  66  6:17  Shield Battery  
  69  6:19  Sentry  
  69  6:22  Zealot, Immortal (Chrono Boost)  
  69  6:23  Zealot  
  79  6:30  Zealot  
  81  6:34  Gateway  
  81  6:35  Zealot  
  83  6:40  Probe  
  83  6:41  Probe  
  83  6:44  Zealot x2  
  83  6:45  Zealot  
  92  6:50  Pylon  
  92  6:51  Pylon  
  92  6:52  Dark Templar  
  93  6:54  Protoss Ground Weapons Level 1 (Chrono Boost)  
  93  6:56  Pylon  
  93  7:05  Probe  
  90  7:08  Zealot x2  
  90  7:09  Zealot  
  90  7:10  Zealot  
  88  7:16  Immortal  
  90  7:23  Probe  
  90  7:24  Probe  
  90  7:28  Robotics Bay, Zealot x4, Probe  
  90  7:29  Zealot  
  101  7:34  Assimilator  
  101  7:35  Assimilator, Probe  
  102  7:42  Probe  
  102  7:43  Probe  
  104  7:47  Probe, Robotics Facility  
  105  7:53  Sentry  
  105  7:55  Probe  
  109  7:58  Pylon, Observer (Chrono Boost)  
  109  8:01  Nexus  
  109  8:03  Pylon  
  109  8:06  Probe  
  110  8:16  Dark Templar x2  
  110  8:17  Dark Templar  
  110  8:18  Pylon  
  110  8:19  Zealot x3  
  112  8:25  Probe  
  112  8:26  Probe  
  93  8:30  Probe  
  89  8:34  Colossus (Chrono Boost)  
  89  8:35  Disruptor (Chrono Boost)  
  89  8:37  Probe  
  97  8:45  Probe  
  98  8:52  Dark Templar  
  99  8:57  Stalker x2  
  99  8:59  Zealot  
  99  9:02  Disruptor (Chrono Boost)  
  102  9:13  Dark Templar  
  104  9:20  Zealot x2  
  104  9:21  Zealot  
  84  9:38  Pylon  
  79  9:40  Probe  
  70  9:46  Zealot x4  
Show
View Real Time Build Order
Export as new Build Order

ByuN Terran - Winner!

Build Orders:  

Get SALT Encoding   

  12  0:00  SCV  
  13  0:12  SCV  
  14  0:17  Supply Depot  
  14  0:24  SCV  
  15  0:38  SCV  
  15  0:40  Barracks  
  16  0:43  Refinery  
  16  0:50  SCV  
  17  1:03  SCV  
  18  1:15  SCV  
  19  1:26  Marine  
  19  1:27  Orbital Command  
  20  1:42  Command Center  
  20  1:52  Factory  
  20  1:55  SCV  
  21  2:02  Barracks Reactor  
  21  2:04  Refinery  
  21  2:09  SCV  
  21  2:14  Supply Depot  
  22  2:21  SCV  
  23  2:36  Hellion, SCV  
  26  2:37  Starport  
  26  2:39  Marine  
  26  2:41  Marine  
  28  2:48  SCV  
  29  2:59  Orbital Command, Widow Mine  
  29  3:01  Marine x2  
  29  3:04  SCV  
  34  3:14  Medivac  
  34  3:17  Supply Depot  
  34  3:18  SCV  
  37  3:21  Factory Tech Lab  
  37  3:24  Marine x2  
  39  3:30  SCV x2  
  41  3:42  SCV x2, Marine  
  41  3:43  Marine  
  45  3:48  Factory Tech Lab  
  45  3:49  Supply Depot  
  45  3:53  Raven  
  45  3:54  SCV  
  45  3:55  SCV  
  49  4:00  Barracks  
  49  4:04  Marine x2  
  49  4:07  SCV x2  
  53  4:12  Siege Tank  
  56  4:18  Supply Depot  
  56  4:19  SCV x2  
  58  4:25  Marine x2  
  58  4:31  SCV x2  
  58  4:37  Engineering Bay  
  55  4:43  SCV x2, Marine x2  
  56  4:51  Siege Tank  
  57  4:53  Viking  
  57  4:55  Supply Depot, Refinery, Marine  
  60  5:00  SCV x2  
  60  5:01  Marine x2  
  64  5:08  Stimpack  
  64  5:12  Barracks  
  64  5:13  Marine  
  65  5:17  SCV x2  
  65  5:19  Missile Turret, Marine x2  
  69  5:21  Refinery  
  69  5:22  Supply Depot  
  69  5:24  Starport Reactor  
  69  5:29  SCV x2  
  69  5:30  Terran Infantry Weapons Level 1  
  71  5:35  Supply Depot  
  71  5:37  Marine x3  
  74  5:46  Siege Tank  
  74  5:48  SCV x2  
  78  5:55  Marine  
  78  5:56  Marine x2  
  81  5:58  Supply Depot  
  81  5:59  Supply Depot  
  83  6:04  Medivac  
  83  6:05  Medivac  
  83  6:09  SCV x2  
  87  6:14  Marine x2  
  89  6:22  Command Center  
  89  6:25  Marauder x2  
  93  6:26  Combat Shield, Factory Reactor  
  93  6:32  Supply Depot  
  93  6:33  Supply Depot  
  93  6:38  Marine x2  
  95  6:45  Medivac  
  95  6:46  Marauder x2  
  101  6:48  Medivac  
  103  7:02  Barracks  
  103  7:03  Barracks  
  101  7:08  Marauder  
  101  7:09  Marauder  
  101  7:10  Marine x2  
  101  7:11  Widow Mine x2  
  98  7:18  SCV x2  
  98  7:24  Concussive Shells  
  98  7:25  Medivac x2  
  102  7:33  Marauder  
  102  7:34  Marauder, Marine x2  
  102  7:35  Orbital Command  
  108  7:38  SCV x2  
  110  7:48  Widow Mine x2  
  114  7:52  Orbital Command  
  114  7:55  Medivac x2, Marauder x2  
  123  7:59  Marine x2  
  123  8:00  Barracks Reactor  
  123  8:01  Barracks Tech Lab  
  123  8:04  SCV x2  
  126  8:10  Supply Depot  
  126  8:16  SCV x2  
  126  8:17  Missile Turret  
  128  8:23  Marauder x3  
  132  8:28  SCV x2  
  131  8:34  Marine x2  
  131  8:35  Marine x2  
  131  8:39  SCV  
  131  8:40  SCV x2  
  138  8:43  Armory  
  138  8:44  Marauder  
  138  8:45  Marauder x2  
  144  8:53  Marine x2  
  146  8:56  SCV  
  146  8:57  SCV x2  
  146  8:58  Supply Depot x2, Refinery  
  146  8:59  Supply Depot, Refinery  
  148  9:06  Marauder x2  
  148  9:08  Marine x2  
  148  9:09  Marine  
  149  9:15  SCV, Marine  
  149  9:16  SCV  
  148  9:17  Supply Depot  
  148  9:18  Supply Depot  
  142  9:26  Marine x2  
  142  9:27  Marauder x3  
  142  9:28  Widow Mine  
  142  9:29  Widow Mine  
  139  9:49  Command Center  
Tags
 
Add a new tag
Caveats
  • Supply blocks, unpowered buildings, or Contaminate may cause inaccurate times.
  • Supply counts are checked every 10 seconds.